 Dungeon Crawl Stone Soup version 0.25.1-2-g60ff931df9 (webtiles) character file.

Game seed: 17623456556576247888

14284 y3s the Impaler (level 11, 0/104 HPs)
             Began as a Minotaur Gladiator on Nov 15, 2020.
             Was a High Priest of Okawaru.
             Succumbed to a spiny frog's poison
             ... on level 2 of the Lair of Beasts on Nov 16, 2020.
             The game lasted 01:10:18 (12543 turns).

y3s the Impaler (Minotaur Gladiator)               Turns: 12543, Time: 01:10:18

Health: 0/104      AC: 20    Str: 18    XL:     11   Next: 86%
Magic:  10/10      EV:  6    Int:  5    God:    Okawaru [*****.]
Gold:   491        SH:  0    Dex: 16    Spells: 10/10 levels left

rFire    . . .     SeeInvis .   t - +1 glaive (venom)
rCold    + . .     Gourm    .   (shield currently unavailable)
rNeg     . . .     Faith    .   E - +0 plate armour
rPois    .         Spirit   +   g - +0 hat
rElec    .         Reflect  .   C - +1 cloak {MR+}
rCorr    .         Harm     .   i - +0 pair of gloves
MR       +....                  a - +2 pair of boots {run}
Stlth    ..........             D - amulet of guardian spirit
HPRegen  0.27/turn              x - +4 ring of protection
MPRegen  0.12/turn              n - ring of protection from cold

@: lethally poisoned (0 -> -25), quick
A: retaliatory headbutt, horns 2
a: Heroism, Finesse, Renounce Religion


You were on level 2 of the Lair of Beasts.
You worshipped Okawaru.
Okawaru was extremely pleased with you.
You were hungry.

You visited 3 branches of the dungeon, and saw 11 of its levels.

You collected 732 gold pieces.
You spent 241 gold pieces at shops.

Inventory:

Hand Weapons
 e - a +1 scythe of protection
 l - a +6 hunting sling
 t - a +1 glaive of venom (weapon)
 J - a +3 quarterstaff of chaos
 N - a +0 dire flail
 O - a +0 dagger
Missiles
 b - 20 poisoned darts
 d - 5 throwing nets
 B - 6 curare-tipped darts
 T - 8 javelins (quivered)
Armour
 a - a +2 pair of boots of running (worn)
 c - a scarf of repulsion
 g - a +0 hat (worn)
 i - a +0 pair of gloves (worn)
 z - a +0 kite shield
 C - a +1 cloak of magic resistance (worn)
 E - a +0 plate armour (worn)
Jewellery
 n - a ring of protection from cold (right hand)
 u - an uncursed amulet of regeneration
 w - a +6 ring of intelligence
 x - a +4 ring of protection (left hand)
 D - an amulet of guardian spirit (around neck)
 F - an uncursed ring of wizardry
 H - an uncursed ring of see invisible
Wands
 h - a wand of paralysis (6)
 y - a wand of polymorph (4)
 L - a wand of digging (7)
 R - a wand of clouds (7)
Scrolls
 k - 6 scrolls of remove curse
 r - 2 scrolls of teleportation
 I - a scroll of magic mapping
 K - 2 scrolls of fog
 P - a scroll of identify
 U - 2 scrolls of silence {unknown}
Potions
 j - 5 potions of brilliance
 o - 2 potions of lignification
 q - 3 potions of might
 s - 3 potions of flight
 v - 3 potions of resistance
 A - a potion of cancellation
 M - a potion of invisibility
 Q - a potion of mutation
 S - a potion of stabbing
Comestibles
 f - 24 rations


   Skills:
 + Level 11.7 Fighting
 * Level 18.5 Polearms
 - Level 2.0 Throwing
 - Level 3.2 Dodging


You had 10 spell levels left.
You didn't know any spells.
Your spell library contained the following spells:

 Spells                   Type           Power        Failure   Level  Hunger
 Animate Skeleton         Necr           N/A          100%        1    ##.....
 Apportation              Tloc           #.....       100%        1    ##.....
 Beastly Appendage        Tmut           #.....       100%        1    ##.....
 Corona                   Hex            #......      100%        1    ##.....
 Summon Small Mammal      Summ           #...         100%        1    ##.....
 Call Imp                 Summ           #.......     100%        2    ###....
 Sticks to Snakes         Tmut           #.......     100%        2    ###....
 Call Canine Familiar     Summ           #.......     100%        3    ####...
 Confusing Touch          Hex            #.......     100%        3    ####...
 Gell's Gravitas          Tloc           #.........   100%        3    ####...
 Spider Form              Tmut/Pois      #.........   100%        3    ####...
 Summon Guardian Golem    Hex/Summ       #.......     100%        3    ####...
 Ice Form                 Ice/Tmut       #.......     100%        4    #####..
 Petrify                  Tmut/Erth      #.......     100%        4    #####..
 Summon Ice Beast         Ice/Summ       #.......     100%        4    #####..
 Summon Lightning Spire   Summ/Air       #.......     100%        4    #####..
 Blade Hands              Tmut           #.........   100%        5    ######.
 Metabolic Englaciation   Hex/Ice        #.........   100%        5    ######.
 Yara's Violent Unravell  Hex/Tmut       #.........   100%        5    ######.


Dungeon Overview and Level Annotations

Branches:
Dungeon (8/15)             Temple (1/1) D:7            Lair (2/6) D:8
  Swamp: Lair:2-4    Shoals: Lair:2-4     Snake: Lair:2-4    Spider: Lair:2-4

Altars:
Ashenzari
Cheibriados
Dithmenos
Elyvilon
Fedhas
Gozag
Hepliaklqana
Kikubaaqudgha
Makhleb
Nemelex Xobeh
Okawaru
Qazlal
Ru
Sif Muna
Uskayaw
Vehumet
Wu Jian
Xom
Yredelemnul
Zin
The Shining One
Beogh

Shops:
D:4 [?[   D:7 !


Innate Abilities, Weirdness & Mutations

You reflexively headbutt those who attack you in melee.
You have a pair of horns on your head.


Message History

You are more poisoned.
The spiny frog poisons you!
* * * LOW HITPOINT WARNING * * *
You feel very sick. The spiny frog barely misses you.
* * * LOW HITPOINT WARNING * * *
You feel very sick.
The spiny frog stings you but does no damage.
You feel less invigorated.
You feel less confused.
* * * LOW HITPOINT WARNING * * *
You feel very sick.
The spiny frog stings you but does no damage.
* * * LOW HITPOINT WARNING * * *
You feel very sick.
Found a stone staircase leading down.
Okay, then.
* * * LOW HITPOINT WARNING * * *
You feel sick.
You die...

## ##.# ####.##
###.#.%.##
...##........#
#.........##
#..........###
#........F...P#
............@.##
.#............#
..............#
P...###.......# ###
.........#
..>.#......
####........#.....##
#........####...###
......##.....


You could see a spiny frog.

Vanquished Creatures
  A catoblepas (Lair:2)
  A two-headed ogre (D:8)
  A hydra (Lair:1)
  Urug (Lair:1)
  7 spiny frogs
  A gargoyle (D:8)
  2 rime drakes (Lair:2)
  A komodo dragon (Lair:2)
  A hornet (D:7)
  Prince Ribbit (D:5)
  Grinder (D:4)
  Sigmund (D:2)
  5 yaks
  A hungry ghost (D:8)
  A basilisk (Lair:1)
  3 porcupines
  26 water moccasins
  6 orc warriors
  A swamp drake (Lair:1)
  3 ogres
  5 centaurs
  4 crocodiles (Lair:1)
  2 big kobolds (D:7)
  6 bullfrogs
  2 scorpions
  4 wights (D:7)
  A howler monkey (D:8)
  2 bullfrog zombies
  3 crimson imps
  4 hounds
  A jelly (D:8)
  A centaur zombie (D:8)
  A gnoll shaman (D:7)
  An orc priest (D:8)
  Crazy Yiuf (D:2)
  A centaur skeleton (D:8)
  An iguana (D:8)
  Jessica (D:2)
  A bullfrog skeleton (D:8)
  Ijyb (D:5)
  Terence (D:3)
  13 orc wizards
  7 worker ants
  Robin (D:4)
  13 gnolls
  18 adders
  An ooze (Lair:1)
  A worm (D:2)
  6 dart slugs
  A leopard gecko (D:2)
  48 orcs
  2 ball pythons
  5 giant cockroaches
  15 goblins
  12 hobgoblins
  6 jackals
  A quokka (D:2)
  8 bats
  4 frilled lizards
  2 gnoll zombies (D:7)
  10 kobolds
  6 rats
  A fungus (D:2)
290 creatures vanquished.

Notes
Turn   | Place    | Note
-------+----------+-------------------------------------------
     0 | D:1      | y3s the Minotaur Gladiator began the quest for the Orb.
     0 | D:1      | Reached XP level 1. HP: 18/18 MP: 0/0
   188 | D:1      | Reached skill level 4 in Polearms
   197 | D:1      | Reached XP level 2. HP: 16/25 MP: 1/1
   582 | D:1      | Reached skill level 5 in Polearms
   614 | D:1      | Reached XP level 3. HP: 29/30 MP: 2/2
   944 | D:2      | Found a faded altar of an unknown god.
  1072 | D:2      | Noticed Sigmund
  1087 | D:2      | Killed Sigmund
  1087 | D:2      | Reached skill level 7 in Polearms
  1087 | D:2      | Reached XP level 4. HP: 4/37 MP: 3/3
  1087 | D:2      | Reached XP level 5. HP: 4/42 MP: 4/4
  1457 | D:2      | Reached skill level 8 in Polearms
  1495 | D:2      | Reached XP level 6. HP: 37/50 MP: 5/5
  1628 | D:2      | Noticed Jessica
  1644 | D:2      | Killed Jessica
  2030 | D:2      | Found a runed translucent door.
  2031 | D:2      | Noticed Crazy Yiuf
  2037 | D:2      | Killed Crazy Yiuf
  2330 | D:3      | Reached skill level 9 in Polearms
  2748 | D:3      | Noticed Terence
  2755 | D:3      | Killed Terence
  3393 | D:4      | Found Bosogag's Antique Armour Shop.
  3422 | D:4      | Reached XP level 7. HP: 43/56 MP: 6/6
  3440 | D:4      | Bought a pair of runed boots for 120 gold pieces
  3453 | D:4      | Reached skill level 10 in Polearms
  3826 | D:4      | Noticed Robin
  3952 | D:4      | Noticed Grinder
  3974 | D:4      | Killed Grinder
  3974 | D:4      | Reached skill level 11 in Polearms
  4000 | D:4      | Found a snail-covered altar of Cheibriados.
  4075 | D:4      | Found Zouhoibu's Magic Scroll Shoppe.
  4108 | D:4      | Killed Robin
  4327 | D:4      | Found Teefaw's Armour Boutique.
  4544 | D:4      | Identified a +2 pair of boots of running (You bought it in
                  | a shop on level 4 of the Dungeon)
  4581 | D:5      | Entered Level 5 of the Dungeon
  4596 | D:5      | Reached XP level 8. HP: 62/62 MP: 7/7
  4660 | D:5      | Found an iron altar of Okawaru.
  4709 | D:5      | Noticed Ijyb
  4716 | D:5      | Paralysed by Ijyb for 4 turns
  4720 | D:5      | Killed Ijyb
  4813 | D:5      | Reached skill level 12 in Polearms
  4894 | D:5      | Noticed Prince Ribbit
  4905 | D:5      | Killed Prince Ribbit
  5305 | D:6      | Found a stormy altar of Qazlal.
  5309 | D:6      | Noticed an air elemental
  6273 | D:6      | Reached skill level 13 in Polearms
  6411 | D:7      | Reached XP level 9. HP: 67/73 MP: 8/8
  6446 | D:7      | Found a staircase to the Ecumenical Temple.
  6471 | D:7      | Reached skill level 5 in Fighting
  6476 | D:7      | Found a shadowy altar of Dithmenos.
  6829 | D:7      | Found a basalt altar of Yredelemnul.
  6880 | D:7      | Reached skill level 14 in Polearms
  7002 | D:7      | Found Xafec's Distillery.
  7016 | D:7      | Bought a potion of might for 44 gold pieces
  7016 | D:7      | Bought a potion of might for 44 gold pieces
  7016 | D:7      | Bought a potion of lignification for 33 gold pieces
  7417 | D:8      | Found a roughly hewn altar of Beogh.
  7467 | Temple   | Entered the Ecumenical Temple
  7588 | Temple   | Became a worshipper of Warmaster Okawaru
  7923 | D:8      | Reached skill level 15 in Polearms
  8037 | D:8      | Reached XP level 10. HP: 81/88 MP: 6/9
  8147 | D:8      | Reached * piety under Okawaru
  8160 | D:8      | Noticed a gargoyle
  8172 | D:8      | Killed a gargoyle
  8482 | D:8      | Noticed a two-headed ogre
  8490 | D:8      | Killed a two-headed ogre
  8742 | D:8      | Found a staircase to the Lair.
  8960 | Lair:1   | Entered Level 1 of the Lair of Beasts
  8962 | Lair:1   | Noticed Urug
  8980 | Lair:1   | Killed Urug
  8980 | Lair:1   | Reached ** piety under Okawaru
  8980 | Lair:1   | Reached skill level 16 in Polearms
  9131 | Lair:1   | Noticed a spiny frog
  9138 | Lair:1   | Killed a spiny frog
  9297 | Lair:1   | Noticed a four-headed hydra
  9958 | Lair:1   | Killed a four-headed hydra
  9958 | Lair:1   | Reached *** piety under Okawaru
 10133 | Lair:1   | Noticed a spiny frog
 10135 | Lair:1   | Noticed a spiny frog
 10139 | Lair:1   | Killed a spiny frog
 10139 | Lair:1   | Reached skill level 10 in Fighting
 10139 | Lair:1   | Reached XP level 11. HP: 76/99 MP: 8/10
 10141 | Lair:1   | Reached skill level 17 in Polearms
 10183 | Lair:1   | HP: 7/150 [poisoned by a spiny frog]
 10188 | Lair:1   | HP: 5/150 [poisoned by a spiny frog]
 10194 | Lair:1   | HP: 4/150 [poisoned by a spiny frog]
 10200 | Lair:1   | HP: 2/100 [poisoned by a spiny frog]
 10208 | Lair:1   | HP: 2/100 [poisoned by a spiny frog]
 10708 | Lair:1   | Reached **** piety under Okawaru
 11157 | Lair:1   | Received a gift from Okawaru
 11827 | Lair:2   | Reached ***** piety under Okawaru
 11827 | Lair:2   | Reached skill level 18 in Polearms
 12056 | Lair:2   | Noticed a catoblepas
 12068 | Lair:2   | Killed a catoblepas
 12308 | Lair:2   | Received a gift from Okawaru
 12537 | Lair:2   | HP: 5/104 [spiny frog (9)]
 12542 | Lair:2   | HP: 2/104 [poisoned by a spiny frog]
 12543 | Lair:2   | Succumbed to a spiny frog's poison

Illustrated notes

Levels and vault maps discovered:
D:1:      giann_forest_graveyard, layout_basic, minivault_14
D:2:      layout_loops_ring, chequers_ecumenical_altar_simple, uniq_jessica,
          uniq_sigmund, uniq_crazy_yiuf_cottage
D:3:      layout_basic, kennysheep_minor_cross, st_stairs_4, uniq_terence
D:4:      layout_gridville, old_standard_altar, serial_shops, shop,
          shop_scrolls, nicolae_shop_stone, uniq_grinder, uniq_robin
D:5:      layout_rooms, first_ration, okawaru_gym_becter, uniq_prince_ribbit1,
          uniq_ijyb
D:6:      layout_loops_ring, nicolae_qazlal_style_of_elements
D:7:      layout_rooms, lemuel_zombie_altar_yredelemnul,
          nicolae_overflow_hidden_temple, minmay_temple_entry_junction_2,
          serial_shops, shop_fountains, basic_altar, grunt_ogre_cave,
          minivault_4
D:8:      kennysheep_six_static_rooms, layout_basic, lair_entry_dummy,
          special_room [special_room_orc]
Temple:   compressed_dpeg_circular_temple
Lair:1:   lemuel_reptile_caves, layout_gridlike, nzn_random_ring,
          serial_bayou_shore_b, uniq_urug
Lair:2:   layout_cave_pods, chequers_serial_rivers_small_b, grunt_megastairs_4

Skill      XL: |  1  2  3  4  5  6  7  8  9 10 11 |
---------------+----------------------------------+-----
Polearms       | 4 5 7 8 9 11 13 15 16 18 | 18.5
Fighting       | 4 7 10 11 | 11.7
Throwing       | |  2.0
Dodging        | |  3.2

Action                   |  1- 3 |  4- 6 |  7- 9 | 10-12 || total
-------------------------+-------+-------+-------+-------++-------
Melee: Trident           |    87 |       |       |       ||    87
       Headbutt          |     7 |    10 |    46 |    63 ||   126
       Scythe            |       |   132 |   153 |       ||   285
       Glaive            |       |       |   174 |   250 ||   424
       Quarterstaff      |       |       |       |     5 ||     5
Throw: Throwing net      |     1 |       |     1 |       ||     2
       Dart              |       |       |    12 |    14 ||    26
       Javelin           |       |       |       |    12 ||    12
Evoke: Wand              |       |       |       |     1 ||     1
  Use: Potion            |     3 |     1 |       |     5 ||     9
       Scroll            |     1 |       |    16 |    11 ||    28
 Stab: Held in net/web   |     1 |       |     1 |       ||     2
       Distracted        |       |     1 |       |     1 ||     2
  Eat: Chunk             |     1 |     3 |    15 |    11 ||    30
       Ration            |       |     1 |       |     1 ||     2
Armor: Leather armour    |     7 |       |       |       ||     7
       Ring mail         |    13 |    11 |       |       ||    24
       Scale mail        |       |    26 |    76 |       ||   102
       Plate armour      |       |       |    78 |   155 ||   233
Dodge: Dodged            |    38 |    77 |   142 |    60 ||   317
       Repelled          |       |       |    11 |     5 ||    16
